 Dungeon Crawl Stone Soup version 0.31-a0-232-gb1c03b2570 (webtiles) character file.

Game seed: 1463356211560434073

86 qw the Shooter (level 4, 0/26 HPs)
             Began as a Gargoyle Hexslinger on July 7, 2023.
             Slain by an orc wizard
             ... wielding a +0 dagger
              (3 damage)
             ... on level 3 of the Dungeon.
             The game lasted 00:00:50 (2120 turns).

qw the Shooter (Gargoyle Hexslinger)                Turns: 2120, Time: 00:00:51

Health: 0/26       AC:  9    Str: 11    XL:     4   Next: 49%
Magic:  5/5        EV: 10    Int: 12    God:
Gold:   175        SH:  0    Dex: 18    Spells: 4/5 levels left

rFire   . . .        Y - +1 sling
rCold   . . .        (no shield)
rNeg    + . .        e - +0 ring mail
rPois   inf          (no helmet)
rElec   +            (no cloak)
rCorr   .            (no gloves)
SInv    .            k - +0 pair of boots
Will    .....        (no amulet)
Stlth   +            (no ring)
HPRegen 0.24/turn    (no ring)
MPRegen 0.09/turn

%: no passive effects
@: about to teleport
A: sickness immunity, AC +3, negative energy resistance 1, electricity
resistance, torment resistance 1, petrification resistance, agile 1, mutation
resistance 1
a: no special abilities


You were on level 3 of the Dungeon.
You visited 1 branch of the dungeon, and saw 4 of its levels.

You collected 175 gold pieces.


Innate Abilities, Weirdness & Mutations

You are immune to sickness and miasma.
Your stone body is resilient. (AC +3)
You are immune to poison.
You resist negative energy. (rN+)
You are resistant to electric shocks. (rElec)
You are resistant to unholy torment.
You are immune to petrification.
You are agile. (Dex +4, Str/Int -1)
You are somewhat resistant to further mutation.


   Skills:
 - Level 2.0 Fighting
 + Level 4.1 Ranged Weapons
 - Level 1.0 Armour
 - Level 1.5 Dodging
 - Level 1.0 Spellcasting
 - Level 2.6 Hexes


You had 4 spell levels left.
You knew the following spells:

 Your Spells              Type           Power      Damage    Failure   Level
a - Slow                  Hex            28%        N/A       24%         1

Your spell library contained the following spells:

 Spells                   Type           Power      Damage    Failure   Level
 Inner Flame              Hex/Fire       3%         N/A       77%         3
 Portal Projectile        Hex/Tloc       6%         N/A       77%         3
 Cause Fear               Hex            3%         N/A       93%         4

Inventory:

Hand Weapons
 Y - a +1 sling (weapon)
Armour
 e - a +0 ring mail (worn)
 k - a +0 pair of boots (worn)
Scrolls
 c - 3 scrolls of teleportation
Potions
 a - a potion of mutation
 b - a potion of lignification {unknown}
 d - a potion of magic {unknown}
 g - a potion of heal wounds
 j - a potion of brilliance {unknown}
 l - a potion of ambrosia {unknown}

Dungeon Overview and Level Annotations

Branches:
Dungeon (4/15)
 Temple: D:4-7

Altars:
Cheibriados


Message History

You feel less confused.
Something hits you but does no damage. x2
2111 ||| FLEEEEING.
Something hits you but does no damage.
There is a stone staircase leading up here.
Things that are here:
a +1 falchion of draining; an orc corpse
2112 ||| STAIRDANCE Something hits you but does no damage. x2
You climb upwards.
Reactivating autopickup.
There is a stone staircase leading down here.
You start resting.
You hear some strange, mumbled words.
A magic dart appears from out of thin air!
Deactivating autopickup; reactivate with Ctrl-A.
The magic dart hits you. Something hits you but does no damage.
You shoot a sling bullet. Something hits you but does no damage.
Something hits you. Something hits you but does no damage. Something hits you.
You shoot a sling bullet.
Something hits you but does no damage. x2
You shoot a sling bullet. Something hits you.
Something hits you but does no damage.
You shoot a sling bullet. Something hits you but does no damage.
Something hits you. Something hits you but does no damage. Something hits you.
You shoot a sling bullet.
An orc wizard appears from thin air!
Reactivating autopickup.
Something hits you.
Deactivating autopickup; reactivate with Ctrl-A.
The orc wizard hits you but does no damage.
2120 ||| READING 4 scrolls of teleportation.
As you read the scroll of teleportation, it crumbles to dust.
You feel strangely unstable.
An orc wizard appears from thin air!
Reactivating autopickup.
The orc wizard hits you with a +0 dagger.
You die...

.......## #......##...#
.....#..###......##...#
.....##..........##.###
.....######......##.#
###### ##......#..#
#.......#.##
######...##....#
#####........##.o###
....'..........o@#
#####........#####
#........# #.....####
#.....# #######


You could see 2 orc wizards.

Vanquished Creatures
  2 adders (D:3)
  3 worms
  A dart slug (D:1)
  2 orcs (D:4)
  6 ball pythons
  4 bats
  4 endoplasms
  4 giant cockroaches
  7 goblins
  4 hobgoblins
  3 jackals (D:2)
  3 kobolds (D:1)
  2 quokkas
  A frilled lizard (D:2)
  5 rats
51 creatures vanquished.

Notes
Turn   | Place    | Note
-------+----------+-------------------------------------------
     0 | D:1      | qw the Gargoyle Hexslinger began the quest for the Orb.
     0 | D:1      | Reached XP level 1. HP: 12/12 MP: 2/2
     0 | D:1      | 0 ||| qw: Version: 0.3-a-46-gb1f654a
     0 | D:1      | 0 ||| qw: Game counter: 2538
     0 | D:1      | 0 ||| qw: Melee chars always use a shield: true
     0 | D:1      | 0 ||| qw: God list: Okawaru
     0 | D:1      | 0 ||| qw: Allow faded altars: false
     0 | D:1      | 0 ||| qw: Do Orc after clearing Dungeon:15 true
     0 | D:1      | 0 ||| qw: Do second Lair branch before Depths: true
     0 | D:1      | 0 ||| qw: Lair rune preference: random
     0 | D:1      | 0 ||| qw: Goals: Normal
     0 | D:1      | 0 ||| PLANNING D:1-11
    62 | D:1      | Reached XP level 2. HP: 15/16 MP: 3/3
   138 | D:1      | Reached skill level 3 in Ranged Weapons
   173 | D:1      | Found a faded altar of an unknown god.
   671 | D:1      | Reached XP level 3. HP: 19/21 MP: 4/4
   733 | D:1      | 733 ||| UPGRADING to +0 ring mail.
   743 | D:1      | 743 ||| DROPPING +0 robe.
   744 | D:1      | 744 ||| READING 2 scrolls labelled FOMOER YRASOB.
   745 | D:1      | 745 ||| READING scroll labelled NIRCHO IGUUGISO.
   749 | D:1      | 749 ||| READING scroll labelled WUYKUSHR ZEQE.
   750 | D:1      | 750 ||| DRINKING 2 black potions.
   751 | D:1      | 751 ||| DROPPING scroll of revelation.
   752 | D:1      | 752 ||| DROPPING scroll of poison.
  1427 | D:2      | 1427 ||| READING scroll labelled OGANIRAIPY.
  1428 | D:2      | 1428 ||| READING scroll labelled QAITOO FYUNEADU.
  1429 | D:2      | 1429 ||| DRINKING 2 orange potions.
  1429 | D:2      | Gained mutation: You are somewhat resistant to further
                  | mutation. [potion of mutation]
  1429 | D:2      | Gained mutation: You are agile. (Dex +4, Str/Int -1)
                  | [potion of mutation]
  1430 | D:2      | 1430 ||| DRINKING 2 bubbling golden potions.
  1500 | D:3      | Found a snail-covered altar of Cheibriados.
  1506 | D:3      | Reached XP level 4. HP: 26/26 MP: 5/5
  1703 | D:3      | Reached skill level 4 in Ranged Weapons
  1825 | D:3      | Reached skill level 1 in Armour
  2038 | D:3      | 2038 ||| UPGRADING to +0 pair of boots.
  2043 | D:3      | 2043 ||| READING scroll labelled RAULYM PEZI.
  2044 | D:3      | 2044 ||| READING scroll labelled RET UCYEPNUOMM.
  2079 | D:4      | 2079 ||| PLANNING SEWER
  2082 | D:4      | 2082 ||| STAIRDANCE
  2092 | D:4      | Noticed a black bear
  2103 | D:4      | 2103 ||| DRINKING 2 potions of curing.
  2103 | D:4      | 2103 ||| (to cure confusion)
  2105 | D:4      | 2105 ||| DRINKING potion of curing.
  2105 | D:4      | 2105 ||| (to cure confusion)
  2111 | D:4      | 2111 ||| FLEEEEING.
  2112 | D:4      | 2112 ||| STAIRDANCE
  2118 | D:3      | HP: 4/26 [something (3)]
  2120 | D:3      | 2120 ||| READING 4 scrolls of teleportation.
  2120 | D:3      | Slain by an orc wizard

Levels and vault maps discovered:
D:1:      lemuel_arrival_funnel, layout_basic,
          shapermc_ecumenical_altar_pompeii, moated_statue
D:2:      layout_basic, serial_glass, glass_columns_a, glass_columns_a,
          hangedman_feature_mirror, kennysheep_doodads, kennysheep_minor_cross,
          hex_intersection
D:3:      layout_basic, mainiacjoe_overflow_paths
D:4:      layout_loops_ring, dancing_weapons_uskayaw,
          mainiacjoe_overflow_surrounded_room, portal_sewer_entry_b,
          serial_shops, nicolae_square_shop, minmay_misc_feat_cross, uniq_pikel

Skill      XL: |  1  2  3  4 |
---------------+-------------+-----
Ranged Weapons | 3 4 |  4.1
Fighting       | 2 |  2.0
Armour         | 1 |  1.0
Dodging        | |  1.5
Spellcasting   | |  1.0
Hexes          | |  2.6

Action                     |  1- 3 |  4- 6 || total
---------------------------+-------+-------++-------
   Fire: Sling             |   115 |    56 ||   171
    Use: Scroll            |     5 |     3 ||     8
         Potion            |     3 |     2 ||     5
 Armour: Robe              |     2 |       ||     2
         Ring mail         |    16 |    38 ||    54
  Dodge: Dodged            |    30 |    10 ||    40

Table legend:
 A = Non-vault XP
 B = Vault XP
 C = Vault XP percentage of total XP
 D = Non-vault monster count
 E = Vault monster count
 F = Vault count percentage of total count
                 A         B        C        D         E       F
            +---------+---------+-------+---------+---------+-------
      Total |     123 |       0 |   0.0 |      51 |       0 |   0.0
            +---------+---------+-------+---------+---------+-------
        D:1 |      34 |       0 |   0.0 |      18 |       0 |   0.0
        D:2 |      32 |       0 |   0.0 |      16 |       0 |   0.0
        D:3 |      51 |       0 |   0.0 |      15 |       0 |   0.0
        D:4 |       6 |       0 |   0.0 |       2 |       0 |   0.0
            +---------+---------+-------+---------+---------+-------
